 Dungeon Crawl Stone Soup version 0.17-a0-2171-ga91b4ec (webtiles) character file.

674 nicanaca0 the Cruncher (level 7, -3/56 HPs)
             Began as a Minotaur Gladiator on Oct 25, 2015.
             Was a Follower of Okawaru.
             Blew themself up (9 damage)
             ... with a disintegration bolt
             ... on level 5 of the Dungeon.
             The game lasted 00:09:23 (4080 turns).

nicanaca0 the Cruncher (Minotaur Gladiator)         Turns: 4080, Time: 00:09:23

Health: -3/56      AC:  6    Str: 19    XL:     7   Next: 33%
Magic:  6/6        EV: 11    Int:  7    God:    Okawaru [*.....]
Gold:   265        SH:  0    Dex: 13    Spells: 0 memorised, 6 levels left

rFire  + . .     SeeInvis .     a - +0 quarterstaff
rCold  . . .     Clarity  .     o - +0 scale mail
rNeg   . . .     SustAt   .     (no shield)
rPois  .         Gourm    .     c - +0 hat
rElec  .         Spirit   .     (no cloak)
rCorr  .         Warding  .     (no gloves)
rMut   .         Stasis   +     (no boots)
MR     .....                    i - amulet of stasis
Stlth  ..........               E - +4 ring of intelligence
                                k - ring of protection from fire

@: not resistant to hostile enchantments, extremely unstealthy
A: retaliatory headbutt, horns 2, blurry vision 1, dopey 1, slow regeneration 1
a: Heroism, Renounce Religion


You were on level 5 of the Dungeon.
You worshipped Okawaru.
Okawaru was aware of your devotion.
You were not hungry.

You visited 2 branches of the dungeon, and saw 6 of its levels.

You collected 265 gold pieces.

Inventory:

Hand Weapons
 a - a +0 quarterstaff (weapon)
 n - a cursed -3 spear
 F - the +7 trident of Righteous Anger {flame, rPois, unknown}
   (You found it on level 5 of the Dungeon)

   It has been specially enchanted to burn those struck by it, causing extra
   injury to most foes and up to half again as much damage against particularly
   susceptible opponents.
   It protects you from poison.
Missiles
 d - 3 throwing nets (quivered)
 D - 21 poisoned bolts
Armour
 c - a +0 hat (worn)
 o - a +0 scale mail (worn)
Magical Staves
 y - an uncursed staff of wizardry {unknown}
Jewellery
 i - an amulet of stasis (around neck)
 k - a ring of protection from fire (left hand)
 E - a +4 ring of intelligence (right hand)
Wands
 m - a wand of frost (21)
 u - a wand of slowing (11)
 w - a wand of disintegration (12)
Scrolls
 b - 2 scrolls of fog {unknown}
 f - a scroll of enchant armour {unknown}
 h - 2 scrolls of noise {unknown}
 l - 2 scrolls of enchant weapon {unknown}
 q - 3 scrolls of magic mapping {unknown}
 r - 3 scrolls of identify
 t - a scroll of remove curse {unknown}
 x - 2 scrolls of blinking {unknown}
 C - 5 scrolls of teleportation {unknown}
Potions
 j - 2 potions of curing
 p - a potion of brilliance
 v - a potion of ambrosia
 A - a potion of berserk rage
Comestibles
 e - 2 bread rations
 g - 4 meat rations
 s - 2 fruits
 z - a royal jelly
 B - 3 chunks of flesh


   Skills:
 - Level 2.4 Fighting
 * Level 10.2 Staves
 - Level 2.0 Throwing
 - Level 3.2 Dodging


You had 6 spell levels left.
You didn't know any spells.

Dungeon Overview and Level Annotations

Branches:
Dungeon (5/15)             Temple (1/1) D:4

Altars:
Ashenzari
Cheibriados
Elyvilon
Fedhas
Gozag
Kikubaaqudgha
Makhleb
Nemelex Xobeh
Okawaru
Qazlal
Ru
Sif Muna
Trog
Vehumet
Xom
Yredelemnul
The Shining One


Innate Abilities, Weirdness & Mutations

You reflexively headbutt those who attack you in melee.
You have a pair of horns on your head.
Scrolls take you a little longer to read.
You are dopey. (Int -2)
You regenerate slowly when monsters are visible.


Message History

The sky beast closely misses you.
Drink which item? (? for menu, Esc to quit)
You feel better. The worker ant bites you.
* * * LOW HITPOINT WARNING * * *
The orc wizard casts a spell.
The orc wizard flickers and vanishes!
Something barely misses you. The orc wizard casts a spell at you.
Your amulet of stasis rumbles.
The orc closely misses you. The sky beast barely misses you.
The worker ant misses you.
Drink which item? (? for menu, Esc to quit)
Okay, then.
Read which item? (? for menu, Esc to quit)
Okay, then.
Evoke which item? (* to show all) (? for menu, Esc to quit)
Zapping:
w - a wand of disintegration (will waste charges)
Press: ? - help, Shift-Dir - straight line, f - you Really target yourself?
You are blasted!
You die...

#..............#..
#..............#.#
#......##......#.#+#### .#
#..............#...... ..#
#.........#....#....# ...
#......)..+.........#####..
####......####....<......#
#<....####[...).......####
###.....# #...o@Y...........
#.......# #.....a..........#
#....รท..# #.......#........+
#...............###........#
#.!.........................#
#............###.........####
#............# #o{.......#
.............# #........o.#
......##....## #......o...+


You could see a sky beast, a worker ant, an orc wizard and an orc.

Vanquished Creatures
  3 ogres
  3 orc wizards (D:4)
  2 hounds
  2 worker ants (D:4)
  Robin (D:2)
  4 gnolls (D:3)
  8 adders
  An ooze (D:4)
  4 worms
  13 orcs
  A ball python (D:2)
  2 giant cockroaches
  8 hobgoblins
  3 jackals (D:2)
  A quokka (D:5)
  6 bats
  2 giant geckos
  4 giant newts
  25 goblins
  12 kobolds
  9 rats
114 creatures vanquished.

Vanquished Creatures (others)
  2 goblins (D:2)
2 creatures vanquished.

Grand Total: 116 creatures vanquished

Notes
Turn   | Place    | Note
--------------------------------------------------------------
     0 | D:1      | nicanaca0 the Minotaur Gladiator began the quest for the Orb.
     0 | D:1      | Reached XP level 1. HP: 18/18 MP: 0/0
   136 | D:1      | Reached skill level 4 in Staves
   397 | D:1      | Reached XP level 2. HP: 25/25 MP: 1/1
   752 | D:2      | Found a faded altar to an unknown god.
   778 | D:2      | Reached skill level 5 in Staves
   814 | D:2      | Reached XP level 3. HP: 15/30 MP: 2/2
  1060 | D:2      | Noticed Robin
  1081 | D:2      | Gained mutation: You regenerate slowly when monsters are visible. [potion of mutation]
  1081 | D:2      | Gained mutation: Scrolls take you a little longer to read. [potion of mutation]
  1081 | D:2      | Gained mutation: You are dopey. (Int -2) [potion of mutation]
  1081 | D:2      | HP: 1/30 [goblin/dagger[Robin] (3)]
  1085 | D:2      | Killed Robin
  1091 | D:2      | Reached XP level 4. HP: 6/37 MP: 3/3
  1171 | D:2      | Reached skill level 6 in Staves
  1668 | D:3      | Reached XP level 5. HP: 12/42 MP: 4/4
  1671 | D:3      | Reached skill level 7 in Staves
  1992 | D:3      | Found a stormy altar of Qazlal.
  2329 | D:3      | Found a bloodstained altar of Trog.
  2588 | D:4      | Noticed an ogre
  2597 | D:4      | Killed an ogre
  2597 | D:4      | Reached skill level 8 in Staves
  2597 | D:4      | Reached XP level 6. HP: 22/50 MP: 5/5
  2951 | D:4      | Found a staircase to the Ecumenical Temple.
  2966 | Temple   | Entered the Ecumenical Temple
  3123 | Temple   | Became a worshipper of Warmaster Okawaru
  3387 | D:4      | Reached skill level 9 in Staves
  3587 | D:4      | Noticed an ogre
  3607 | D:4      | Killed an ogre
  3607 | D:4      | Reached XP level 7. HP: 45/56 MP: 6/6
  3832 | D:5      | Entered Level 5 of the Dungeon
  3843 | D:5      | Reached * piety under Okawaru
  3843 | D:5      | Reached skill level 10 in Staves
  4037 | D:5      | Got a blackened trident
  4078 | D:5      | HP: 2/56 [orc/short sword (2)]
  4080 | D:5      | Blew themself up

Vault maps used:
D:1:      dpeg_arrival_round_a
D:2:      ecumenical_altar_2, uniq_robin
D:3:      overflow_temple_1_default, trog_hazing_becter
D:4:      minmay_temple_entry_hall, grunt_ministairs_2, minmay_ogre_servants
D:5:      first_bread, due_unseen_surprise
Temple:   nicolae_temple_elliptical

Action                   |  1- 3 |  4- 6 |  7- 9 || total
-------------------------+-------+-------+-------++-------
Melee: Quarterstaff      |    65 |   133 |    40 ||   238
  Use: Potion            |     5 |     1 |     1 ||     7
       Scroll            |       |       |     3 ||     3
  Eat: Chunk             |       |     8 |     1 ||     9
       Fruit             |       |     1 |       ||     1
